 Dungeon Crawl Stone Soup version 0.29-a0-822-ga620ab95ad (webtiles) character file.

Game seed: 7924105840268979520

74732 Ge0ff the Nimble (level 15, -6/64 HPs)
             Began as a Felid Fire Elementalist on July 8, 2022.
             Was a High Priest of Vehumet.
             Mangled by a merfolk impaler
             ... wielding a +6 vorpal trident
              (17 damage)
             ... on level 4 of the Shoals.
             The game lasted 02:16:42 (43476 turns).

Ge0ff the Nimble (Felid Fire Elementalist)         Turns: 43476, Time: 02:16:43

Health: -6/64      AC:  3    Str:  1    XL:     15   Next: 7%
Magic:  25/30      EV: 31    Int: 24    God:    Vehumet [*****.]
Gold:   2166       SH:  0    Dex: 17    Spells: 0/34 levels left
                                        Lives:  0   Deaths: 5

rFire   + + .      SeeInvis +     - Unarmed
rCold   + . .      Faith    .   (shield unavailable)
rNeg    + . .      Spirit   .   (body armour unavailable)
rPois   .          Reflect  .   (helmet unavailable)
rElec   .          Harm     .   (cloak unavailable)
rCorr   .          Rampage  .   (gloves unavailable)
Will    ++...                   (boots unavailable)
Stlth   +++++.....              g - amulet of magic regeneration
HPRegen 0.20/turn               v - +4 ring of evasion
MPRegen 0.62/turn               C - ring "Lopo" {rF++ rN+ Str-3 SInv Stlth+, =R}

@: very slightly contaminated, studying Translocations, quick
A: very small, claws 1, fangs 3, see invisible, speed 1, shaggy fur 3, stealthy
paws, no weapons or thrown items, no armour, multi-lived
a: Renounce Religion


You were on level 4 of the Shoals.
You worshipped Vehumet.
Vehumet was extremely pleased with you.
You visited 5 branches of the dungeon, and saw 28 of its levels.
You also visited: Volcano.

You collected 3076 gold pieces.
You spent 910 gold pieces at shops.

Inventory:

Jewellery
 g - an amulet of magic regeneration (around neck)
 h - a ring of poison resistance
 l - a ring of willpower
 v - a +4 ring of evasion (left paw)
 w - an amulet of regeneration
 x - a ring of flight
 C - the ring "Lopo" (right paw) {rF++ rN+ Str-3 SInv Stlth+, =R}
   (You found it on level 1 of the Lair of Beasts)

   [ring of positive energy]

   Str:       It affects your strength (-3).
   rF:        It greatly protects you from fire.
   rN:        It protects you from negative energy.
   SInv:      It lets you see invisible.
   Stlth:     It makes you more stealthy.
 D - a ring of fire
 G - a ring of willpower
 O - a ring of resist corrosion
 Q - a +6 ring of strength
 U - an amulet of guardian spirit
 Y - a ring of magical power
Wands
 f - a wand of flame (50)
 j - a wand of quicksilver (12)
 p - a wand of paralysis (9)
 s - a wand of mindburst (8)
 P - a wand of polymorph (17)
Scrolls
 i - 13 scrolls of identify
 m - 2 scrolls of magic mapping
 A - a scroll of amnesia
 B - a scroll of blinking
 E - 2 scrolls of fear
 J - 2 scrolls of silence {!r}
 T - 24 scrolls of teleportation
 V - 6 scrolls of vulnerability
Potions
 o - 2 potions of ambrosia
 q - 9 potions of curing
 u - 3 potions of mutation {!q}
 z - 6 potions of brilliance
 I - a potion of invisibility
 K - 8 potions of magic {!q}
 L - 5 potions of lignification
 M - 9 potions of might
 N - a potion of cancellation {!q}
 R - 4 potions of resistance
 W - 5 potions of heal wounds {!q}
 Z - 5 potions of berserk rage {!q}
Miscellaneous
 n - a phial of floods
 t - a tin of tremorstones (1/2)


   Skills:
 - Level 7.0 Fighting
 + Level 14.6 Dodging
 - Level 7.0 Stealth
 - Level 5.0 Unarmed Combat
 - Level 10.0 Spellcasting
 - Level 12.0 Conjurations
 - Level 9.0 Hexes
 - Level 7.0 Translocations
 - Level 12.0 Transmutations
 - Level 10.0 Fire Magic
 + Level 10.0 Air Magic
 - Level 7.0 Earth Magic
 - Level 5.0 Poison Magic
 - Level 6.8 Evocations


You couldn't memorise any spells.
You knew the following spells:

 Your Spells              Type           Power      Damage    Failure   Level
c - Blink                 Tloc           90%        N/A       1%          2
d - Gell's Gravitas       Tloc           45%        N/A       1%          3
h - Lee's Rapid Deconstr  Erth           22%        3d14*     2%          5
j - Inner Flame           Hex/Fire       55%        N/A       1%          3
k - Stone Arrow           Conj/Erth      100%       3d13      1%          3
m - Scorch                Fire           100%       2d10      1%          2
p - Petrify               Tmut/Erth      55%        N/A       1%          4
y - Yara's Violent Unrav  Hex/Tmut       29%        3d12      1%          5
C - Poisonous Vapours     Pois/Air       96%        N/A       1%          2
E - Irradiate             Conj/Tmut      31%        3d23      1%          5

Your spell library contained the following spells:

 Spells                   Type           Power      Damage    Failure   Level
 Iron Shot                Conj/Erth      27%        9d6       4%          6
 Apportation              Tloc           90%        N/A       1%          1
 Beastly Appendage        Tmut           100%       N/A       1%          1
 Foxfire                  Conj/Fire      100%       2x1d9     1%          1
 Freeze                   Ice            48%        1d7       1%          1
 Sandblast                Erth           90%        2d19      1%          1
 Slow                     Hex            100%       N/A       1%          1
 Passwall                 Tmut/Erth      45%        N/A       1%          2
 Wereblood                Tmut           62%        N/A       1%          2
 Conjure Flame            Conj/Fire      59%        6-21      1%          3
 Dazzling Flash           Conj/Hex       100%       N/A       1%          3
 Lesser Beckoning         Tloc           45%        N/A       1%          3
 Spider Form              Tmut/Pois      51%        N/A       1%          3
 Teleport Other           Tloc           45%        N/A       1%          3
 Flame Wave               Conj/Fire      59%        2d11      1%          4
 Hailstorm                Conj/Ice       40%        3d10      1%          4
 Leda's Liquefaction      Hex/Erth       25%        N/A       1%          4
 Sticky Flame             Conj/Fire      59%        2d7       1%          4
 Lightning Bolt           Conj/Air       30%        1d47      1%          5
 Conjure Ball Lightning   Conj/Air       30%        3x3d10    2%          6
 Silence                  Hex/Air        27%        N/A       3%          5
 Frozen Ramparts          Ice            24%        1d4       4%          3
 Ice Form                 Ice/Tmut       40%        N/A       4%          4
 Necrotise                Necr           48%        1d6       5%          1
 Summon Small Mammal      Summ           48%        N/A       5%          1
 Sublimation of Blood     Necr           12%        N/A       8%          2
 Manifold Assault         Tloc           45%        N/A       9%          5
 Call Canine Familiar     Summ           12%        N/A       16%         3
 Ozocubu's Armour         Ice            12%        N/A       16%         3
 Statue Form              Tmut/Erth      36%        N/A       16%         6
 Metabolic Englaciation   Hex/Ice        16%        N/A       22%         5
 Summon Mana Viper        Hex/Summ       33%        N/A       22%         5
 Dispersal                Tloc           22%        N/A       41%         6
 Storm Form               Tmut/Air       30%        N/A       43%         7
 Animate Dead             Necr           12%        N/A       45%         4
 Summon Ice Beast         Ice/Summ       12%        N/A       45%         4
 Maxwell's Capacitive Co  Air            28%        ∞         78%         8
 Agony                    Necr           12%        N/A       82%         5
 Simulacrum               Ice/Necr       6%         N/A       100%        6
 Haunt                    Necr/Summ      6%         N/A       100%        7
 Monstrous Menagerie      Summ           6%         N/A       100%        7
 Infestation              Necr           6%         N/A       100%        8
 Chain Lightning          Conj/Air       30%        3d40      100%        9
 Fire Storm               Conj/Fire      29%        8d8       100%        9
 Shatter                  Erth           22%        3d20*     100%        9
 Portal Projectile        Hex/Tloc       Unusable   N/A       N/A         3

Dungeon Overview and Level Annotations

Branches:
Dungeon (15/15) Zot: 25098  Temple (1/1) D:5 Zot: 5854    Lair (6/6) D:9 Zot: 21166
 Shoals (4/4) Lair:2 Zot: 26249   Snake (0/4) Lair:4        Slime (0/5) Lair:5
    Orc (2/2) D:10 Zot: 9130     Elf (0/3) Orc:2        Vaults (0/5) D:13
 Depths (0/4) D:15        Volcano (visited)

Altars:
Ashenzari
Cheibriados
Dithmenos
Elyvilon
Fedhas
Gozag
Hepliaklqana
Kikubaaqudgha
Makhleb
Nemelex Xobeh
Okawaru
Qazlal
Ru
Sif Muna
Trog
Uskayaw
Vehumet
Wu Jian
Xom
Yredelemnul
Zin
The Shining One
Jiyva

Shops:
D:1 [   D:5 ?*   D:6 !   D:7 (   D:14 **   Orc:2 (*!*   Shoals:3 (

Annotations:
Lair:2 3 runed translucent doors (35 dam ghost), exclusion: 3 doors, jotwebe's ghost, journeyman DsAr
Shoals:2 3 runed translucent doors (29 dam ghost - xp or attr pot), exclusion: 3 doors, Piank's ghost, adept MiBe


Innate Abilities, Weirdness & Mutations

You have sharp claws.
You have razor-sharp teeth.
You have supernaturally acute eyesight. (SInv)
You cover ground quickly. (Speed+)
Your thick and shaggy fur keeps you warm. (AC +3, rC+)
Your paws help you pounce on unaware monsters.
You are incapable of wielding weapons or throwing items.
You cannot wear armour.
You gain extra lives every three experience levels.


Message History

The merfolk siren chants a haunting song.
You are mesmerised by the merfolk siren!
The merfolk aquamancer shouts!
You hear an angry hiss. x2
You break out of your daze!
As you read the scroll of teleportation, it crumbles to dust.
You feel strangely unstable.
The merfolk impaler completely misses you.
The merfolk impaler hits you from afar with a +0 demon trident of electrocution.
You are electrocuted!
You see here a +1 vorpal trident.
You pounce on the unaware helpless alligator snapping turtle!
You mangle the alligator snapping turtle!!
The alligator snapping turtle is heavily wounded.
The merfolk impaler closely misses you.
The merfolk impaler completely misses you.
The helpless alligator snapping turtle fails to defend itself.
You mangle the alligator snapping turtle!!
You bite the alligator snapping turtle, but do no damage.
The alligator snapping turtle is heavily wounded.
The merfolk impaler hits you from afar with a +0 demon trident of electrocution!!
* * * LOW HITPOINT WARNING * * *
Really quaff
W - 6 potions of heal wounds {!q}?
You feel much better.
Your surroundings suddenly seem different.
Splash!
You fall into the shallow water.
Moving in this stuff is going to be slow.
A merfolk impaler comes into view. It is wielding a +6 vorpal trident.
A merfolk siren comes into view. It is wielding a +0 spear.
The merfolk siren moves out of view.
The merfolk impaler completely misses you.
As you read the scroll of fear, it crumbles to dust.
You assume a fearsome visage.
The merfolk impaler looks frightened!
The wind drake looks frightened!
The wind drake hisses angrily.
The merfolk impaler howls in fear.
The merfolk impaler cries, "Oh dear!
Oh dear!"
You start resting.
A merfolk impaler is nearby!
The merfolk impaler hits you with a +6 vorpal trident!!
* * * LOW HITPOINT WARNING * * *
x2
Casting: Petrify (dangerous; 1% risk of failure)
Confirm with . or Enter, or press ? or * to list all spells.
You erupt in a fountain of uncontrolled magic!
The merfolk impaler is blasted with magical radiation!!!
The merfolk impaler is severely wounded.
The merfolk impaler twists and deforms.
You are very lightly contaminated with residual magic.
The merfolk impaler hits you with a +6 vorpal trident!
You die...

≈≈≈≈......≈..........≈≈≈≈≈≈.≈≈≈≈≈
≈≈≈..##...≈.........≈≈≈≈≈≈≈≈.≈≈≈≈
≈≈..###..........)..≈≈≈≈≈≈≈≈≈≈≈≈≈
≈≈≈.###.............≈≈≈≈≈≈≈≈≈≈≈≈≈
≈≈≈≈......)..........≈≈≈≈≈≈≈≈≈≈≈≈
≈≈≈≈.[...............≈≈≈≈≈≈≈≈≈≈≈≈
≈≈≈≈≈.......#####....≈≈≈≈≈≈≈≈≈≈≈≈
≈≈≈≈≈≈.....≈## ##.....≈≈≈≈≈≈≈≈≈≈≈
≈≈≈.≈≈≈≈...#≈###@....≈≈≈≈≈≈≈≈≈≈≈≈
≈≈≈≈≈≈≈≈..#≈≈.≈m..#≈.≈≈..≈≈≈≈≈≈≈≈
≈≈≈≈≈≈≈≈..#≈≈#.#..##.......≈≈≈≈≈≈
≈≈≈≈≈≈≈≈.##≈≈...≈≈#,.....,,,≈≈≈≈≈
≈≈≈≈≈≈≈≈.≈##.#.#.##,≈....,,,≈≈≈≈≈
≈≈≈≈≈≈≈≈.≈#≈..≈...#≈,....,,,≈≈≈≈≈
≈≈≈≈≈≈≈≈≈..#.###.........,,,≈≈≈≈≈
≈≈≈≈≈≈≈.....#####.....,,,,,,≈≈≈≈≈
≈k≈≈≈≈....).##≈≈#......,,,,,≈≈≈≈≈


You could see a merfolk impaler (misshapen).

Vanquished Creatures
  A kraken (Shoals:2)
  Gastronok (D:8)
  Kirke (Lair:5)
  Ilsuiw (Shoals:4)
  Donald (Shoals:1)
  A fenstrider witch (Shoals:2)
  A stone giant (D:15)
  4 entropy weavers (Lair:4)
  2 dire elephants (Lair:6)
  A red draconian (Volcano)
  3 merfolk javelineers
  An ettin (Orc:2)
  4 merfolk impalers
  Josephine (D:10)
  4 boulder beetles
  3 ghost crabs (Lair:4)
  8 vault guards (D:13)
  3 merfolk avatars
  5 hydras
  A death knight (D:14)
  A satyr (Shoals:2)
  3 two-headed ogres
  6 centaur warriors
  2 merfolk aquamancers
  6 death yaks
  The ghost of Vbesf the Tainter, a novice OpVM of Ru (D:9)
  4 tengu warriors
  A spectral death yak (Lair:6)
  6 fire crabs (Lair:4)
  A salamander mystic (Volcano)
  Lodul (D:10)
  5 skeletal warriors
  4 sea snakes
  A spectral anaconda (Lair:6)
  A swamp dragon (shapeshifter) (D:13)
  A bog body (Lair:1)
  A phantasmal warrior (D:14)
  18 harpies
  4 deep elf pyromancers
  4 necromancers (Lair:6)
  2 orc knights
  An obsidian statue (Lair:6)
  2 wolf spiders
  6 ugly things
  An oklob plant (Lair:3)
  2 orc sorcerers (Orc:1)
  17 fauns
  The ghost of iamserjio the Trooper, a novice OpWn of Okawaru (D:6)
  12 manticores
  5 salamanders (Volcano)
  11 cyclopes
  15 elephants
  An ice statue (Lair:1)
  3 black mambas
  6 merfolk sirens
  An apocalypse crab (Lair:4)
  4 torpor snails
  2 gargoyles
  4 water nymphs
  14 cane toads
  2 dire elephant skeletons (Lair:6)
  2 unseen horrors
  4 rime drakes
  An efreet (D:13)
  5 komodo dragons
  An ice devil (Lair:1)
  A tengu conjurer (Shoals:4)
  2 freezing wraiths
  3 trolls
  3 wind drakes
  5 polar bears
  Grinder (D:5)
  22 merfolk
  A hornet (D:11)
  4 slime creatures (D:15)
  10 blink frogs
  9 dream sheep
  6 snapping turtles
  Sigmund (D:3)
  A vampire (D:12)
  A culicivora (shapeshifter) (D:13)
  8 wraiths
  6 water elementals
  Eustachio (D:6)
  A dire elephant simulacrum (Lair:6)
  4 basilisks
  3 hogs (Lair:5)
  8 wyverns
  44 yaks
  A human (Lair:5)
  7 vampire mosquitoes (D:13)
  2 death yak simulacra (Lair:6)
  Menkaure (D:6)
  4 nagas (Lair:4)
  Edmund (D:4)
  A spectral cane toad (Lair:6)
  2 harpy simulacra (Lair:1)
  2 acid dragons (D:10)
  3 wargs
  15 water moccasins
  35 orc warriors
  2 sky beasts
  A meliai simulacrum (D:14)
  An ice beast (D:5)
  An ice beast (shapeshifter) (D:15)
  A black bear (D:5)
  15 wolves
  An elephant zombie (Lair:6)
  15 ogres
  14 centaurs
  6 kobold brigands
  A phantom (D:5)
  8 bullfrogs
  3 gnoll sergeants
  10 wights
  An elephant simulacrum (Lair:6)
  4 killer bees (D:9)
  5 electric eels
  2 howler monkeys
  3 hounds
  16 jellies
  12 orc priests
  5 gnoll boudas
  7 hell rats (Lair:4)
  3 iguanas (D:6)
  20 orc wizards
  Natasha (thrice) (D:4)
  A polar bear simulacrum (Lair:1)
  2 troll simulacra (Lair:1)
  A wolf simulacrum (Lair:1)
  23 gnolls
  6 adders
  A shadow imp (D:8)
  6 white imps
  2 ufetubi (D:5)
  2 worms (D:3)
  3 dart slugs
  75 orcs
  7 endoplasms
  5 giant cockroaches
  4 goblins
  9 hobgoblins
  6 jackals
  2 quokkas
  3 ball pythons
  2 bats
  A frilled lizard (D:2)
  26 kobolds
  10 rats
  A tentacle (Shoals:2)
820 creatures vanquished.

Vanquished Creatures (collateral kills)
  A salamander (Volcano)
  A manticore (Shoals:4)
  Joseph (D:7)
  A merfolk (Shoals:4)
  6 foxfires
10 creatures vanquished.

Vanquished Creatures (others)
  A shadow wraith (D:15)
  A deep elf pyromancer (D:14)
  A yak (Lair:6)
  A centaur (Orc:2)
  A bush (Lair:6)
  1081 foxfires
  41 fungi
  146 plants
  3 tentacles (Shoals:2)
  32 withered plants (Lair:6)
1308 creatures vanquished.

Grand Total: 2138 creatures vanquished

Notes
Turn   | Place    | Note
-------+----------+-------------------------------------------
     0 | D:1      | Ge0ff the Felid Fire Elementalist began the quest for the
                  | Orb.
     0 | D:1      | Reached XP level 1. HP: 7/7 MP: 4/4
    41 | D:1      | Reached skill level 1 in Conjurations
   432 | D:1      | Reached XP level 2. HP: 11/11 MP: 6/6
   436 | D:1      | Learned a level 2 spell: Scorch
   473 | D:1      | Found Itett's Antique Armour Shoppe.
  1260 | D:2      | Reached XP level 3. HP: 14/14 MP: 3/7
  1474 | D:2      | Reached skill level 3 in Dodging
  1622 | D:2      | Found a sparkling altar of Nemelex Xobeh.
  2133 | D:3      | Found a hazy altar of Hepliaklqana.
  2220 | D:3      | Reached XP level 4. HP: 18/18 MP: 4/8
  2526 | D:3      | Found a faded altar of an unknown god.
  2527 | D:3      | Noticed Sigmund
  2616 | D:3      | Killed from afar by Sigmund
  2617 | D:3      | Reached XP level 3. HP: -2/14 MP: 6/7
  2840 | D:3      | Reached XP level 4. HP: 18/18 MP: 4/8
  2903 | D:3      | Killed Sigmund
  2904 | D:3      | Reached XP level 5. HP: 21/21 MP: 5/9
  3103 | D:4      | Gained mutation: You are covered in thick fur. (AC +2)
                  | [Felid growth]
  3103 | D:4      | Reached XP level 6. HP: 20/24 MP: 1/10
  3339 | D:4      | Reached skill level 5 in Fire Magic
  3381 | D:4      | Identified the +9 hand axe of Subjectivity {pain, Str+5}
  3419 | D:4      | Noticed Edmund
  3524 | D:4      | Killed Edmund
  3803 | D:4      | Noticed Natasha
  3805 | D:4      | Killed Natasha
  3806 | D:4      | Reached skill level 5 in Conjurations
  3806 | D:4      | Reached XP level 7. HP: 27/27 MP: 7/11
  3896 | D:4      | Noticed Natasha
  3902 | D:4      | Killed Natasha
  4183 | D:4      | Noticed Natasha
  4189 | D:4      | Killed Natasha
  4574 | D:4      | Learned a level 3 spell: Inner Flame
  4579 | D:5      | Entered Level 5 of the Dungeon
  4680 | D:5      | Reached skill level 1 in Hexes
  4842 | D:5      | Found Deuptuah's General Store.
  4990 | D:5      | Noticed Grinder
  5054 | D:5      | Found a white marble altar of Elyvilon.
  5309 | D:5      | Found a hide-covered altar of Uskayaw.
  5446 | D:5      | Found Coeceg's Magic Scroll Boutique.
  5454 | D:5      | Bought a scroll of identify for 22 gold pieces
  5454 | D:5      | Bought a scroll of identify for 22 gold pieces
  5454 | D:5      | Bought a scroll of identify for 22 gold pieces
  5454 | D:5      | Bought a scroll of teleportation for 33 gold pieces
  5742 | D:5      | Found a staircase to the Ecumenical Temple.
  5748 | Temple   | Entered the Ecumenical Temple
  5913 | Temple   | Became a worshipper of Vehumet
  5983 | D:5      | Reached XP level 8. HP: 31/31 MP: 7/13
  6041 | D:6      | Found a shadowy altar of Dithmenos.
  6174 | D:6      | Found a snail-covered altar of Cheibriados.
  6222 | D:6      | Found a sparkling altar of Nemelex Xobeh.
  6264 | D:6      | Noticed Eustachio
  6267 | D:6      | Killed Eustachio
  6351 | D:6      | Found Weckum's Distillery.
  6366 | D:6      | Identified the +5 ring mail "Zutuop" {rF+}
  6661 | D:6      | Reached skill level 5 in Hexes
  6707 | D:6      | Noticed iamserjio's ghost (novice OpWn)
  6751 | D:6      | Found a transporter.
  6752 | D:6      | Found a transporter.
  6922 | D:6      | Noticed Menkaure
  6925 | D:6      | Killed Menkaure
  7209 | D:7      | Found Ciocs's Weapon Shop.
  7296 | D:7      | Reached XP level 9. HP: 34/34 MP: 10/16
  7479 | D:7      | Noticed Joseph
  7495 | D:7      | Killed Joseph
  7496 | D:7      | Reached skill level 1 in Fighting
  7496 | D:7      | Reached skill level 1 in Evocations
  7609 | D:7      | Reached * piety under Vehumet
  7609 | D:7      | Offered knowledge of Freeze by Vehumet.
  7720 | D:7      | Identified the +3 ring mail "Routies" {Will- Str+7}
  8061 | D:7      | Reached skill level 4 in Dodging
  8378 | D:5      | Killed Grinder
  8539 | D:8      | Noticed a two-headed ogre
  8548 | D:8      | Killed a two-headed ogre
  8549 | D:8      | Reached skill level 5 in Dodging
  8549 | D:8      | Reached skill level 5 in Spellcasting
  8549 | D:8      | Reached XP level 10. HP: 42/42 MP: 8/18
  8577 | D:8      | Identified the +1 robe "Poyffag" {Dex+4}
  8895 | D:8      | Noticed a two-headed ogre
  8916 | D:8      | Killed a two-headed ogre
  9016 | D:8      | Noticed Gastronok
  9026 | D:8      | Killed Gastronok
  9027 | D:8      | Reached skill level 10 in Fire Magic
  9228 | D:9      | Noticed a centaur warrior
  9229 | D:9      | Found a transporter.
  9230 | D:9      | Noticed Vbesf's ghost (novice OpVM)
  9232 | D:9      | Found a transporter.
  9236 | D:9      | Reached ** piety under Vehumet
  9236 | D:9      | Offered knowledge of Poisonous Vapours by Vehumet.
  9249 | D:9      | Learned a level 2 spell: Poisonous Vapours
  9347 | D:9      | Found a staircase to the Lair.
  9473 | D:9      | Reached skill level 1 in Air Magic
  9473 | D:9      | Reached skill level 1 in Poison Magic
  9625 | D:9      | Learned a level 2 spell: Blink
 10302 | D:9      | Offered knowledge of Searing Ray by Vehumet.
 10517 | D:10     | Entered Level 10 of the Dungeon
 10653 | D:10     | Reached *** piety under Vehumet
 10730 | D:10     | Reached XP level 11. HP: 45/45 MP: 14/20
 10733 | D:10     | Noticed Josephine
 10755 | D:10     | HP: 1/40 [Josephine/ghostly fireball (28)]
 10762 | D:10     | Killed Josephine
 11268 | D:10     | Reached skill level 6 in Dodging
 11514 | D:10     | Offered knowledge of Sticky Flame by Vehumet.
 11538 | D:10     | Learned a level 4 spell: Sticky Flame
 11561 | D:10     | Found a staircase to the Orcish Mines.
 11671 | D:10     | Noticed Lodul
 11676 | D:10     | Killed from afar by Lodul
 11677 | D:10     | Reached XP level 10. HP: -9/43 MP: 5/19
 11856 | D:10     | Killed from afar by Lodul
 11857 | D:10     | Reached XP level 9. HP: -5/39 MP: 13/18
 11859 | D:10     | Killed Lodul
 11974 | D:10     | Noticed a two-headed ogre
 11982 | D:10     | Killed a two-headed ogre
 12023 | D:10     | Reached XP level 10. HP: 43/43 MP: 17/19
 12481 | D:11     | Noticed a cyan ugly thing
 12494 | D:11     | Killed a cyan ugly thing
 12495 | D:11     | Reached skill level 5 in Evocations
 12529 | D:11     | Reached **** piety under Vehumet
 12710 | D:11     | Noticed a cyclops
 12718 | D:11     | Killed a cyclops
 12925 | D:11     | Noticed a cyclops
 12938 | D:11     | Killed a cyclops
 12939 | D:11     | Reached skill level 7 in Dodging
 13011 | D:11     | Reached skill level 5 in Fighting
 13213 | D:12     | Noticed a boulder beetle
 13528 | D:12     | Noticed a deep elf pyromancer
 13531 | D:12     | Offered knowledge of Lightning Bolt by Vehumet.
 13540 | D:12     | Killed a deep elf pyromancer
 13579 | D:12     | Killed a boulder beetle
 13580 | D:12     | Reached XP level 11. HP: 47/47 MP: 14/21
 13725 | D:12     | Noticed a cyan ugly thing
 13858 | D:12     | Reached skill level 5 in Air Magic
 13974 | D:12     | Reached skill level 5 in Poison Magic
 14224 | D:12     | Noticed a boulder beetle
 14231 | D:12     | Killed a boulder beetle
 14552 | D:12     | Reached skill level 8 in Dodging
 14782 | D:12     | Killed a cyan ugly thing
 15253 | Lair:1   | Entered Level 1 of the Lair of Beasts
 15260 | Lair:1   | Noticed a six-headed hydra
 15265 | Lair:1   | Killed a six-headed hydra
 15266 | Lair:1   | Reached skill level 1 in Translocations
 15781 | Lair:1   | Reached skill level 9 in Dodging
 16012 | Lair:1   | Noticed a bog body
 16016 | Lair:1   | Killed a bog body
 16017 | Lair:1   | Gained mutation: Your thick and shaggy fur keeps you warm.
                  | (AC +3, rC+) [Felid growth]
 16017 | Lair:1   | Reached XP level 12. HP: 53/53 MP: 18/23
 16043 | Lair:1   | Noticed a death yak
 16060 | Lair:1   | Killed a death yak
 16061 | Lair:1   | Reached skill level 10 in Dodging
 16065 | Lair:1   | Learned a level 3 spell: Gell's Gravitas
 16755 | Lair:1   | Identified the ring "Lopo" {rF++ rN+ Str-3 SInv Stlth+}
 16889 | Lair:2   | Found a staircase to the Shoals.
 17062 | Lair:2   | Found a runed translucent gate.
 17062 | Lair:2   | Found a runed translucent gate.
 17062 | Lair:2   | Found a runed translucent gate.
 17218 | Lair:2   | Reached ***** piety under Vehumet
 17572 | Lair:2   | Noticed a ten-headed hydra
 17572 | Lair:2   | Noticed a 13-headed hydra
 17573 | Lair:2   | Noticed jotwebe's ghost (journeyman DsAr)
 17713 | Lair:3   | Noticed a boulder beetle
 17755 | Lair:3   | Killed a boulder beetle
 17797 | Lair:3   | Reached skill level 5 in Translocations
 17815 | Lair:2   | Offered knowledge of Lee's Rapid Deconstruction by Vehumet.
 17824 | Lair:2   | Learned a level 5 spell: Lee's Rapid Deconstruction
 18441 | Lair:3   | Reached skill level 1 in Earth Magic
 18898 | Lair:3   | Reached skill level 10 in Conjurations
 19052 | Lair:4   | Reached skill level 11 in Dodging
 19103 | Lair:4   | Found a staircase to the Snake Pit.
 19276 | Lair:4   | Reached XP level 13. HP: 46/57 MP: 9/25
 19361 | Lair:4   | Found a runed translucent door.
 20347 | Lair:5   | Noticed Kirke
 20363 | Lair:5   | Killed Kirke
 20476 | Lair:5   | Reached skill level 12 in Dodging
 20719 | Lair:5   | Reached skill level 5 in Earth Magic
 21017 | Lair:5   | You fall into a shaft and drop 1 floor!
 21017 | Lair:6   | Entered Level 6 of the Lair of Beasts
 21238 | Lair:6   | Found a dark tunnel.
 21257 | Volcano  | Entered a volcano
 21414 | Volcano  | Noticed a red draconian
 21452 | Volcano  | Killed a red draconian
 21528 | Volcano  | Reached skill level 1 in Unarmed Combat
 21606 | Volcano  | Found a burning altar of Makhleb.
 22198 | Lair:5   | Found a staircase to the Slime Pits.
 22199 | Lair:5   | Found a viscous altar of Jiyva.
 22958 | Lair:5   | Found a staircase to the Slime Pits.
 22962 | Lair:5   | Found a viscous altar of Jiyva.
 23742 | Lair:6   | Reached XP level 14. HP: 15/61 MP: 25/28
 23745 | Lair:6   | Reached skill level 10 in Spellcasting
 24915 | Lair:6   | Identified the +4 short sword "Jonittag" {venom, Int+7}
 25440 | Lair:6   | Offered knowledge of Conjure Ball Lightning by Vehumet.
 25882 | D:6      | Killed iamserjio's ghost
 25883 | D:6      | Reached skill level 5 in Stealth
 26154 | D:12     | Learned a level 5 spell: Irradiate
 26154 | D:12     | Identified the +3 mace of Lat Git {freeze, Int+4 Dex+5}
 26155 | D:12     | Identified the +4 mace "Cuowk" {pain, Fragile +Blink rF++}
 26275 | Orc:1    | Entered Level 1 of the Orcish Mines
 26289 | Orc:1    | Reached skill level 1 in Transmutations
 26441 | Orc:2    | Entered Level 2 of the Orcish Mines
 28031 | Orc:2    | Reached skill level 5 in Transmutations
 28927 | Orc:2    | Found a staircase to the Elven Halls.
 29020 | Orc:2    | Offered knowledge of Yara's Violent Unravelling by Vehumet.
 29027 | Orc:2    | Learned a level 5 spell: Yara's Violent Unravelling
 29178 | Orc:2    | Found Hesacw's Distillery.
 29178 | Orc:2    | Found Ysmaulurgh's General Store.
 29180 | Orc:2    | Found Ocao's Antique Weapon Shop.
 29182 | Orc:2    | Found Lejuthor's General Store.
 29186 | Orc:2    | Bought a potion of invisibility for 96 gold pieces
 29194 | Orc:2    | Bought a scroll of teleportation for 39 gold pieces
 29194 | Orc:2    | Bought a potion of brilliance for 52 gold pieces
 29194 | Orc:2    | Bought a scroll of fear for 45 gold pieces
 29194 | Orc:2    | Bought a wand of iceblast (2) for 78 gold pieces
 29246 | Orc:2    | Bought a potion of invisibility for 96 gold pieces
 29246 | Orc:2    | Bought a potion of resistance for 120 gold pieces
 29378 | D:9      | Killed Vbesf's ghost
 31396 | Lair:4   | Reached XP level 15. HP: 64/64 MP: 30/30
 31423 | Lair:4   | Identified a scroll of acquirement
 31439 | Lair:4   | Got Tulleozoi's Almanac of Glamour
 31441 | Lair:4   | Identified the +3 glaive of Huttiss {vamp, Int+5}
 31461 | Lair:4   | Acquired the Textbook on the Sky
 32182 | D:13     | Learned a level 3 spell: Stone Arrow
 32908 | D:13     | Found a gate to the Vaults.
 33550 | D:13     | Found a sparkling altar of Nemelex Xobeh.
 33948 | D:14     | Found Didghu Fareor's Specific Store.
 33953 | D:14     | Found Nyetueqy's General Store.
 33957 | D:14     | Bought 2 scrolls of teleportation for 66 gold pieces
 33957 | D:14     | Bought a wand of flame (15) for 93 gold pieces
 33957 | D:14     | Bought a potion of brilliance for 44 gold pieces
 33957 | D:14     | Bought a scroll of vulnerability for 82 gold pieces
 35005 | D:14     | Found a sacrificial altar of Ru.
 35049 | D:15     | Entered Level 15 of the Dungeon
 35787 | D:15     | Reached skill level 10 in Transmutations
 36248 | D:15     | Acquired a manual of Translocations
 36250 | D:15     | Found an ornate altar of the Wu Jian Council.
 37008 | D:15     | Found a staircase to the Depths.
 37211 | Shoals:1 | Entered Level 1 of the Shoals
 37496 | Shoals:1 | Noticed Donald
 37553 | Shoals:1 | Killed Donald
 37600 | Lair:2   | Learned a level 4 spell: Petrify
 38409 | Shoals:1 | Reached XP level 16. HP: 62/69 MP: 20/31
 39469 | Shoals:2 | Noticed a kraken
 39524 | Shoals:2 | Killed a kraken
 39717 | Shoals:2 | Found a runed translucent gate.
 39717 | Shoals:2 | Found a runed translucent gate.
 39717 | Shoals:2 | Found a runed translucent gate.
 39718 | Shoals:2 | Noticed Piank's ghost (adept MiBe)
 40029 | Shoals:2 | Reached ****** piety under Vehumet
 40029 | Shoals:2 | Offered knowledge of Iron Shot by Vehumet.
 40303 | Shoals:2 | Reached skill level 13 in Dodging
 41291 | Shoals:3 | Found Izor's Weapon Shoppe.
 41676 | Shoals:3 | Killed themself with a badly aimed burst of rock shards
 41677 | Shoals:3 | Reached XP level 15. HP: -1/64 MP: 30/30
 42054 | Shoals:3 | Reached skill level 5 in Unarmed Combat
 42687 | Shoals:4 | Entered Level 4 of the Shoals
 42698 | Shoals:4 | Noticed Ilsuiw
 42699 | Shoals:4 | Killed from afar by a wind drake
 42700 | Shoals:4 | Reached XP level 14. HP: -16/61 MP: 29/29
 42741 | Shoals:4 | Killed Ilsuiw
 42916 | Shoals:4 | Reached skill level 14 in Dodging
 43251 | Shoals:4 | Reached XP level 15. HP: 34/64 MP: 24/30
 43382 | Shoals:4 | Reached skill level 10 in Air Magic
 43476 | Shoals:4 | Mangled by a merfolk impaler

Illustrated notes

Levels and vault maps discovered:
D:1:      psy_arrival_statuary, layout_basic, serial_shops,
          nicolae_shop_overgrown_old_shop
D:2:      layout_loops_ring, basic_altar, st_stairs_4
D:3:      layout_loops_cross, mainiacjoe_overflow_brackets,
          hellmonk_ecumenical_altar_lost_god, uniq_sigmund
D:4:      layout_loops_ring, uniq_natasha, uniq_edmund
D:5:      layout_loops_ring, eat_drink_and_be_merry_uskayaw,
          nicolae_overflow_crystal_walls, minmay_temple_entry_fiery,
          serial_shops, nicolae_shop_stone, shop, grunt_decor_junction,
          uniq_grinder
D:6:      layout_loops_ring, nicolae_dithmenos_shadow_blocks,
          mainiacjoe_overflow_catch_the_wave, serial_shops, shop,
          gammafunk_ghost_gnarly_gnolls, patterned_corridor, uniq_menkaure,
          uniq_eustachio
D:7:      layout_gridville, serial_glass, glass_columns_b, glass_columns_b,
          serial_shops, nicolae_shop_statue_plus, uniq_joseph
D:8:      layout_rooms, minmay_splitting_lines, grunt_ministairs_14,
          st_stairs_11, uniq_gastronok
D:9:      layout_roguey, dpeg_oklobed_lair, gammafunk_ghost_arena,
          minmay_diced_spiral
D:10:     layout_big_octagon, erik_orc_3, minmay_crystal_water, uniq_josephine,
          uniq_lodul
D:11:     layout_gridville, fungi_pond_lemuel
D:12:     statuecave_lemuel, layout_irregular_city
D:13:     layout_small_grid, erik_vaults_2, nemelex_spade_bored_becter
D:14:     layout_rooms, nicolae_ru_path_of_blood, nicolae_specific_store
D:15:     grunt_enter_depths_snipers, layout_stronghold,
          nzn_wu_jian_council_hall
Temple:   eino_temple_rhombus
Lair:1:   dreamdust_isle_of_ice, layout_loops_ring
Lair:2:   layout_long_grid, shoals_dummy_entry, gammafunk_ghost_hydra_chop,
          minivault_26, infiniplex_staircase_pool
Lair:3:   layout_chaotic_city, chequers_serial_rivers_small_a,
          minmay_lair_oklob_items, chequers_serial_rivers_marsh,
          nicolae_lair_run_with_the_wolves
Lair:4:   gammafunk_mikee_crab_dinner, layout_gridlike,
          minmay_snake_entry_guardpost_small
Lair:5:   layout_regular_city, minmay_slime_entry_jelly_boxes, uniq_kirke
Lair:6:   due_jungle_book, layout_cave_pods, serial_bayou, serial_bayou_shore_a,
          serial_bayou_pond_b, serial_bayou_lagoon_a, serial_bayou_pond_c,
          nicolae_volcano_entry_s_turn
Shoals:1: layout_shoals, uniq_donald
Shoals:2: layout_shoals, gammafunk_ghost_necromancy,
          nicolae_shoals_beach_house_on_fowls_legs
Shoals:3: layout_shoals, serial_shops, nicolae_shop_bloodbath_and_beyond
Shoals:4: shoals_end_simple, layout_shoals, shoals_ilsuiw_ice,
          gammafunk_ghost_cemetery, kb_tengu_band
Orc:1:    layout_diamond_mine
Orc:2:    st_orc_rangers, layout_caves

Skill      XL: |  1  2  3  4  5  6  7  8  9 10 11 12 13 14 15 16 |
---------------+-------------------------------------------------+-----
Conjurations   | 2 3 4 5 7 8 9 10 11 12 | 12.0
Fire Magic     | 3 4 5 6 7 8 10 | 10.0
Dodging        | 3 5 7 9 11 12 14 13 | 14.6
Stealth        | 3 5 7 |  7.0
Hexes          | 3 5 7 9 |  9.0
Spellcasting   | 3 4 5 6 7 9 10 | 10.0
Fighting       | 3 5 6 7 |  7.0
Evocations     | 3 5 6 |  6.8
Air Magic      | 3 4 5 10 | 10.0
Poison Magic   | 3 4 5 |  5.0
Translocations | 3 6 7 |  7.0
Earth Magic    | 2 5 6 7 |  7.0
Unarmed Combat | 2 3 5 4 |  5.0
Transmutations | 12 10 11 | 12.0

Action                   |  1- 3 |  4- 6 |  7- 9 | 10-12 | 13-15 | 16-18 || total
-------------------------+-------+-------+-------+-------+-------+-------++-------
Melee: Unarmed           |     3 |       |       |    11 |    55 |    28 ||    97
       Punch             |     1 |       |       |       |     4 |     2 ||     7
       Bite              |       |       |       |     4 |    14 |     4 ||    22
 Cast: Foxfire           |   100 |    64 |    94 |   295 |   118 |       ||   671
       Scorch            |     5 |    36 |    62 |   174 |   161 |     9 ||   447
       Inner Flame       |       |       |    33 |   177 |   205 |    35 ||   450
       Poisonous Vapours |       |       |     8 |   136 |   265 |    50 ||   459
       Blink             |       |       |       |     3 |    13 |       ||    16
       Sticky Flame      |       |       |       |     5 |     5 |       ||    10
       Gell's Gravitas   |       |       |       |     7 |    31 |       ||    38
       Lee's Rapid Decon |       |       |       |       |    46 |       ||    46
       Irradiate         |       |       |       |       |   111 |    24 ||   135
       Stone Arrow       |       |       |       |       |    44 |    22 ||    66
       Petrify           |       |       |       |       |     8 |     4 ||    12
       Yara's Violent Un |       |       |       |       |     7 |       ||     7
Evoke: Wand              |       |       |       |     3 |    34 |     4 ||    41
       Phial of floods   |       |       |       |     1 |     5 |       ||     6
       Tin of tremorston |       |       |       |     2 |     4 |     2 ||     8
  Use: Scroll            |     4 |     7 |     6 |    10 |    29 |     1 ||    57
       Potion            |       |       |       |       |     8 |     1 ||     9
 Stab: Sleeping          |     1 |       |       |       |     4 |     2 ||     7
       Distracted        |       |       |       |     1 |       |       ||     1
       Paralysed         |       |       |       |       |    26 |       ||    26
       Petrified         |       |       |       |       |    10 |    12 ||    22
       Petrifying        |       |       |       |       |     1 |       ||     1
Armor: Skin              |       |     2 |     1 |     3 |     9 |       ||    15
Dodge: Dodged            |     8 |    26 |    21 |   130 |   501 |    79 ||   765

Table legend: (Time is in decaauts)
 A = Elapsed time spent in this place.
 B = Non-inter-level travel time spent in this place.
 C = Inter-level travel time spent in this place.
 D = Time resting spent in this place.
 E = Time spent auto-exploring this place.
 F = Levels seen in this place.
 G = Mean time per level.
                   A        B        C        D        E       F      G
               +--------+--------+--------+--------+--------+-----+--------+
         Total |  38605 |  36607 |   1998 |   3470 |  26285 |  29 | 1331.2 |
       Dungeon |  18258 |  16912 |   1346 |    827 |  13190 |  15 | 1217.2 |
        Temple |    146 |    122 |     24 |      0 |    111 |   1 |  146.0 |
          Lair |  10881 |  10397 |    484 |   1009 |   7182 |   6 | 1813.5 |
        Shoals |   5804 |   5724 |     80 |    930 |   3679 |   4 | 1451.0 |
  Orcish Mines |   2869 |   2807 |     62 |    405 |   2006 |   2 | 1434.5 |
       Volcano |    645 |    645 |      0 |    298 |    114 |   1 |  645.0 |
               +--------+--------+--------+--------+--------+-----+--------+

Top non-repeatable levels by time:
  Lair:4: 2894 daAuts
  Lair:6: 2743 daAuts
Shoals:1: 1991 daAuts
   Orc:1: 1989 daAuts
    D:12: 1831 daAuts
  Lair:5: 1789 daAuts
     D:9: 1741 daAuts
Shoals:2: 1727 daAuts
    D:15: 1713 daAuts
  Lair:1: 1484 daAuts
    D:10: 1458 daAuts
    D:13: 1456 daAuts
Shoals:3: 1325 daAuts
    D:14: 1208 daAuts
     D:4: 1162 daAuts
